 Dungeon Crawl Stone Soup version 0.23.1 (webtiles) character file.

Game seed: 953562211554255129

412 Shaft the Poker (level 6, -3/51 HPs)
             Began as a Centaur Gladiator on Mar 17, 2019.
             Slain by a gnoll (5 damage)
             ... on level 4 of the Dungeon.
             The game lasted 00:05:18 (2645 turns).

Shaft the Poker (Centaur Gladiator)                 Turns: 2645, Time: 00:05:19

Health: -3/51      AC:  5    Str: 18    XL:     6   Next: 59%
Magic:  6/6        EV: 10    Int:  7    God:
Gold:   244        SH:  0    Dex: 11    Spells: 5/5 levels left

rFire    . . .     SeeInvis .   a - +0 trident
rCold    . . .     Gourm    .   (no shield)
rNeg     + . .     Faith    .   b - +0 leather armour
rPois    .         Spirit   .   c - +0 helmet
rElec    .         Reflect  .   (no cloak)
rCorr    .         Harm     .   (no gloves)
MR       .....                  (no barding)
Stlth    +.........             (no amulet)
HPRegen  0.17/turn              k - ring of positive energy
MPRegen  0.10/turn              (no ring)

@: very quick
A: large, hooves 3, deformed body, speed 2, tough skin 3
a: no special abilities


You were on level 4 of the Dungeon.
You were not hungry.

You visited 1 branch of the dungeon, and saw 4 of its levels.

You collected 244 gold pieces.

Inventory:

Hand Weapons
 a - a +0 trident (weapon)
Missiles
 d - 3 throwing nets (quivered)
 o - 14 tomahawks
Armour
 b - a +0 leather armour (worn)
 c - a +0 helmet (worn)
Jewellery
 k - a ring of positive energy (left hand)
Wands
 r - a wand of random effects (16)
Scrolls
 h - 5 scrolls of identify {unknown}
 i - a scroll of teleportation {unknown}
 j - a scroll of amnesia {unknown}
 m - 2 scrolls of immolation {unknown}
 n - a scroll of fog {unknown}
 q - a scroll of enchant weapon {unknown}
 v - a scroll of magic mapping {unknown}
Potions
 e - a potion of resistance {unknown}
 g - a potion of curing
 l - 2 potions of invisibility {unknown}
 p - a potion of berserk rage {unknown}
 s - a potion of degeneration {unknown}
 t - a potion of heal wounds {unknown}
 u - a potion of might {unknown}
 w - a potion of cancellation {unknown}
Comestibles
 f - 6 rations
 x - a chunk of flesh


   Skills:
 + Level 3.2 Fighting
 + Level 5.6 Polearms
 - Level 2.1 Throwing
 + Level 2.0 Armour
 - Level 2.1 Dodging
 + Level 0.3 Stealth


You had 5 spell levels left.
You didn't know any spells.
Your spell library was empty.

Dungeon Overview and Level Annotations

Branches:
Dungeon (4/15)
 Temple: D:4-7

Altars:
Ashenzari
Cheibriados
Gozag
Xom
Zin

Annotations:
D:4 Dowan


Innate Abilities, Weirdness & Mutations

You have hooves in place of feet.
Armour fits poorly on your strangely shaped body.
You cover ground very quickly.
You have extremely tough skin. (AC +3)


Message History

You hit Duvessa but do no damage.
Duvessa is almost dead.
Duvessa hits you with a +0 short sword.
* * * LOW HITPOINT WARNING * * *
You hit Duvessa. You kick Duvessa, but do no damage.
Duvessa is almost dead.
Duvessa hits you with a +0 short sword.
* * * LOW HITPOINT WARNING * * *
You closely miss Duvessa. You kick Duvessa.
You kill Duvessa!
You hear a distant wail of despair.
Your Armour skill increases to level 2!
You puncture the gnoll! Your kick misses the gnoll.
The gnoll is severely wounded.
The gnoll hits you!
* * * LOW HITPOINT WARNING * * *
You closely miss the gnoll. Your kick misses the gnoll.
The gnoll is severely wounded.
The gnoll hits you.
You die...

.#...##.#.#####.## #.#
.###.##..........####.####
...........).............##
.........<.......#######..#
################........#.##
....... ..#.....(..#..#
####### #.#........##.#####.
.#
#######.#........##.......
....
........g@.......+........
.###
######)#........##...#### .#
###.#...........#รท# .#
#...########.####.## ##
######...# #.# #..#
.........# #####.###
########o### ##+#.)......
#.......# #.....###.##
#.##+##(#####.....' ..#


You could see a gnoll.

Vanquished Creatures
  Eustachio (D:4)
  Duvessa (D:4)
  An ogre (D:4)
  2 adders
  A gnoll (D:1)
  A worm (D:4)
  A dart slug (D:1)
  A leopard gecko (D:2)
  2 orcs (D:4)
  3 giant cockroaches
  4 goblins
  3 hobgoblins
  5 kobolds
  2 quokkas (D:3)
  7 bats
  4 frilled lizards
  10 rats
49 creatures vanquished.

Notes
Turn   | Place    | Note
-------+----------+-------------------------------------------
     0 | D:1      | Shaft the Centaur Gladiator began the quest for the Orb.
     0 | D:1      | Reached XP level 1. HP: 17/17 MP: 1/1
   116 | D:1      | Reached skill level 3 in Polearms
   152 | D:1      | Reached XP level 2. HP: 24/24 MP: 2/2
   432 | D:1      | Reached XP level 3. HP: 30/30 MP: 3/3
  1462 | D:3      | Found a snail-covered altar of Cheibriados.
  1860 | D:3      | Reached skill level 4 in Polearms
  1968 | D:3      | Found a glowing silver altar of Zin.
  1970 | D:3      | Noticed an angel
  1974 | D:3      | Found a shimmering altar of Xom.
  2007 | D:3      | Reached XP level 4. HP: 37/37 MP: 4/4
  2224 | D:4      | Noticed Eustachio
  2252 | D:4      | Killed Eustachio
  2252 | D:4      | Reached skill level 5 in Polearms
  2252 | D:4      | Reached skill level 1 in Armour
  2252 | D:4      | Reached XP level 5. HP: 26/44 MP: 5/5
  2402 | D:4      | Found an opulent altar of Gozag.
  2450 | D:4      | Noticed an ogre
  2480 | D:4      | Killed an ogre
  2480 | D:4      | Reached XP level 6. HP: 43/51 MP: 6/6
  2539 | D:4      | Found a shattered altar of Ashenzari.
  2541 | D:4      | Noticed Dowan
  2541 | D:4      | Noticed Duvessa
  2643 | D:4      | Killed Duvessa
  2644 | D:4      | HP: 2/51 [gnoll (7)]
  2645 | D:4      | Slain by a gnoll

Skill      XL: |  1  2  3  4  5  6 |
---------------+-------------------+-----
Polearms       | 3 4 5 |  5.6
Armour         | 1 2 |  2.0
Fighting       | 3 |  3.2
Throwing       | |  2.1
Dodging        | |  2.1
Stealth        | |  0.3

Action                   |  1- 3 |  4- 6 || total
-------------------------+-------+-------++-------
Melee: Trident           |    89 |    60 ||   149
       Kick              |     6 |    11 ||    17
  Use: Potion            |       |     1 ||     1
  Eat: Chunk             |     2 |     2 ||     4
Armor: Leather armour    |    23 |    15 ||    38
Dodge: Dodged            |    31 |    12 ||    43
